 Dungeon Crawl Stone Soup version 0.19.0-2-gae57169 (webtiles) character file.

116 Millan the Chopper (level 4, -2/40 HPs)
             Began as a Draconian Berserker on Nov 6, 2016.
             Was a Believer of Trog.
             Slain by a gnoll
             ... wielding a +0 spear
              (4 damage)
             ... on level 3 of the Dungeon.
             The game lasted 00:07:43 (2018 turns).

Millan the Chopper (Draconian Berserker)            Turns: 2018, Time: 00:07:43

Health: -2/40      AC:  6    Str: 20    XL:     4   Next: 70%
Magic:  4/4        EV: 13    Int:  7    God:    Trog [**....]
Gold:   131        SH:  0    Dex: 11    Spells: 0 memorised, 3 levels left

rFire  + . .     SeeInvis .     a - +0 hand axe
rCold  . . .     Gourm    .     (armour unavailable)
rNeg   + . .     Faith    .     (no shield)
rPois  .         Spirit   .     (helmet restricted)
rElec  .         Reflect  .     e - +0 cloak {+Inv}
rCorr  .         Harm     .     (no gloves)
MR     .....                    (no boots)
Stlth  +.........               (no amulet)
                                c - ring of positive energy
                                j - ring of protection from fire

@: exhausted, slowed, very slow
A: unfitting armour, cold-blooded, AC +5
a: Berserk, Trog's Hand, Burn Spellbooks, Renounce Religion, Evoke Invisibility


You were on level 3 of the Dungeon.
You worshipped Trog.
Trog was pleased with you.
You were not hungry.

You visited 1 branch of the dungeon, and saw 3 of its levels.

You collected 131 gold pieces.

Inventory:

Hand Weapons
 a - a +0 hand axe (weapon)
Armour
 e - a +0 cloak of invisibility (worn)
Jewellery
 c - a ring of positive energy (right hand)
 j - a ring of protection from fire (left hand)
Scrolls
 d - a scroll of random uselessness {unknown}
 i - a scroll of immolation
 k - 3 scrolls of teleportation {unknown}
 n - a scroll of noise {unknown}
 p - a scroll of blinking {unknown}
 q - a scroll of amnesia {unknown}
Potions
 l - 2 potions of degeneration {unknown}
 m - a potion of ambrosia {unknown}
 o - a potion of heal wounds {unknown}
Comestibles
 b - a bread ration
 f - 2 meat rations
 g - 2 fruits
 h - a slice of pizza
 r - a beef jerky
 s - a chunk of flesh


   Skills:
 + Level 4.1 Fighting
 + Level 4.3 Axes
 + Level 3.3 Dodging
 + Level 0.2 Stealth


You had 3 spell levels left.
You didn't know any spells.

Dungeon Overview and Level Annotations

Branches:
Dungeon (3/15)

Altars:
Cheibriados
Uskayaw


Innate Abilities, Weirdness & Mutations

Your plain brown scales are hard. (AC +5)
You cannot fit into any form of body armour.
You are cold-blooded and may be slowed by cold attacks.


Message History

The worm is severely wounded.
You slash the worm!
You kill the worm!
Trog accepts your kill.
You are no longer berserk.
You are exhausted.
You feel yourself slow down.
The gnoll hits you from afar with a spear.
* * * LOW HITPOINT WARNING * * *
The gnoll hits you but does no damage. The gnoll misses you.
You hit the gnoll.
The gnoll is lightly wounded.
Your skin stops crawling.
You feel less resistant to hostile enchantments.
The gnoll hits you with a spear.
* * * LOW HITPOINT WARNING * * *
You closely miss the gnoll.
The gnoll is lightly wounded.
The gnoll hits you with a spear.
You die...

####### #......
##...... .(...... .
.......) ...
........ ######....#
######## #.!@g......
........
#)##################
#†#.......>...# #
#.#.#########.#
#.#.# #.# #.#.# #.#
#. #.#.# #.# #.#
#.#.#########.# #.#
#.#.........#.# #.#


You could see a gnoll.

Vanquished Creatures
  A hound (D:3)
  2 gnolls (D:3)
  An ooze (D:1)
  2 dart slugs
  3 worms
  3 leopard geckos
  An orc (D:3)
  6 goblins
  7 hobgoblins
  3 jackals
  A ball python (D:3)
  5 bats
  9 kobolds
  8 rats
52 creatures vanquished.

Notes
Turn   | Place    | Note
-------+----------+-------------------------------------------
     0 | D:1      | Millan the Draconian Berserker began the quest for the Orb.
     0 | D:1      | Reached XP level 1. HP: 19/19 MP: 1/1
    95 | D:1      | Reached XP level 2. HP: 18/26 MP: 2/2
   465 | D:1      | Reached ** piety under Trog
   549 | D:1      | Reached XP level 3. HP: 28/33 MP: 3/3
  1242 | D:2      | Found a hide-covered altar of Uskayaw.
  1242 | D:2      | Found a snail-covered altar of Cheibriados.
  1663 | D:3      | Found a faded altar of an unknown god.
  2005 | D:3      | Reached XP level 4. HP: 6/40 MP: 4/4
  2017 | D:3      | HP: 2/40 [gnoll/spear (6)]
  2018 | D:3      | Slain by a gnoll

Skill      XL: |  1  2  3 |
---------------+----------+-----
Dodging        | 3 |  3.3
Axes           | 4 |  4.3
Fighting       | 4 |  4.1
Stealth        | |  0.2

Action                   |  1- 3 |  4- 6 || total
-------------------------+-------+-------++-------
Melee: Hand axe          |   155 |     9 ||   164
       Tailslap          |    10 |     1 ||    11
Invok: Berserk           |     1 |       ||     1
       Trog's Hand       |     1 |       ||     1
  Use: Scroll            |     3 |       ||     3
 Stab: Sleeping          |     1 |       ||     1
  Eat: Bread ration      |     1 |       ||     1
       Chunk             |     1 |       ||     1
Armor: Skin              |    59 |     1 ||    60
Dodge: Dodged            |   112 |     3 ||   115
